AoeStats
← OVERHAUL

Arena

510219890Analyzed
3v3 RM · 3d ago on Sep 30, 2026· 67m 12s· 6 players
Game mode
Random Map
Map size
Normal (6 player)
Population
200
Speed
Normal
Resources
Standard
Victory
Conquest
Starting age
Dark Age
Ending age
Imperial Age
RankedLock teamsTeams togetherTeam positionsShared explorationLock speedFull tech treeHidden civsTurbo modeCheats
Victory
Defeat
🇨🇱 Khmer · Chile
814
+12
🇨🇱 Slavs · Chile
748
+14
🇨🇱 Varangians · Chile
670
+17
🇨🇱 Khmer · Chile
777
-17
🇨🇱 Portuguese · Chile
683
-13
🇨🇱 Japanese · Chile
683
-13
turcó
9:31 Feudal Age
12:04 Loom
15:01 Castle Age
32:25 Imperial Age
29:45 Double-Bit Axe
29:44 Horse Collar
32:05 Squires
32:53 Stone Mining
32:53 Gold Mining
34:44 Wheelbarrow
34:42 Gambesons
35:45 Forging
39:03 Iron Casting
39:25 Heavy Plow
40:03 Gold Shaft Mining
40:17 Caravan
41:46 Hand Cart
41:18 Town Watch
42:47 Town Patrol
48:24 Blast Furnace
47:24 Scale Mail Armor
47:27 Elite Samurai
48:32 Kataparuto
48:50 Hoardings
51:58 Ballistics
54:33 Pikeman
55:25 Heavy Cavalry Archer
56:30 Parthian Tactics
58:23 Halberdier
59:38 Chain Mail Armor
61:23 Masonry
62:14 Chemistry
62:12 Heavy Scorpion
dErG
11:55 Feudal Age
16:46 Castle Age
15:05 Double-Bit Axe
15:09 Horse Collar
16:29 Stone Mining
16:42 Gold Mining
17:54 Bow Saw
18:29 Heavy Plow
33:20 Pikeman
52:31 Scale Mail Armor
53:53 Forging
58:25 Chain Mail Armor
63:12 Iron Casting
OVERHAUL
10:46 Feudal Age
11:17 Double-Bit Axe
11:34 Horse Collar
11:48 Gold Mining
17:01 Bloodlines
21:25 Castle Age
20:31 Scale Barding Armor
22:56 Wheelbarrow
22:07 Loom
22:08 Town Watch
23:19 Chain Barding Armor
24:03 Stone Mining
26:05 Caravan
29:30 Bow Saw
29:28 Heavy Plow
35:35 Hand Cart
45:27 Imperial Age
44:08 Gold Shaft Mining
44:15 Town Patrol
45:20 Husbandry
44:43 Light Cavalry
45:58 Ballistics
46:57 Plate Barding Armor
48:21 Double Crossbow
50:48 Elite Ballista Elephant
51:32 Tusk Swords
52:39 Hussar
59:50 Siege Engineers
60:46 Chemistry
Aventugabo
12:32 Feudal Age
19:36 Castle Age
18:53 Arson
27:06 Double-Bit Axe
44:38 Gold Mining
48:50 Vendel Legacy
64:42 Imperial Age
elchoromota
7:33 Loom
10:28 Feudal Age
13:06 Horse Collar
13:13 Double-Bit Axe
15:41 Forging
15:51 Forging
17:42 Wheelbarrow
17:39 Stone Mining
17:42 Gold Mining
18:19 Bloodlines
20:59 Castle Age
19:48 Scale Barding Armor
20:40 Man-at-Arms
22:23 Husbandry
22:53 Bow Saw
23:21 Detinets
23:51 Chain Barding Armor
38:02 Imperial Age
36:54 Murder Holes
39:03 Heavy Scorpion
40:23 Plate Barding Armor
39:59 Forging
40:30 Ballistics
40:21 Masonry
41:06 Gold Shaft Mining
41:18 Hand Cart
43:03 Elite Boyar
45:33 Chemistry
53:29 Two-Man Saw
52:16 Town Watch
59:52 Caravan
60:22 Coinage
61:10 Fortified Wall
62:07 Town Patrol
62:17 Heavy Plow
62:41 Siege Engineers
64:34 Iron Casting
63:50 Fletching
64:00 Padded Archer Armor
64:01 Scale Mail Armor
RSK | Nasif
0:26 Loom
9:05 Feudal Age
16:49 Castle Age
18:04 Horse Collar
27:59 Double-Bit Axe
31:44 Forging
31:35 Scale Mail Armor
31:40 Scale Barding Armor
32:39 Fletching
33:24 Iron Casting
33:19 Pikeman
35:19 Heavy Plow
49:43 Wheelbarrow
53:41 Imperial Age
53:50 Imperial Age
51:35 Gold Mining
51:35 Stone Mining
53:12 Town Watch
53:55 Elite Ballista Elephant
54:37 Tusk Swords
55:22 Hand Cart
55:23 Bow Saw
55:46 Crop Rotation
55:23 Double Crossbow
54:48 Heavy Scorpion
56:22 Capped Ram
59:22 Gold Shaft Mining
59:23 Stone Shaft Mining
58:44 Siege Ram
61:48 Chemistry
61:09 Ballistics
60:40 Heated Shot
62:03 Blast Furnace
61:19 Chain Mail Armor
61:24 Chain Barding Armor
61:25 Halberdier
Connection lost

Rejoining the realm…

Still unreachable

The connection could not be restored.

Session expired

The server has moved on; the page needs a fresh start.